 Dungeon Crawl Stone Soup version 0.29.1-13-g9f3cf754e1 (webtiles) character file.

Game seed: 17679539064097352739

66 shadowmeld the Ducker (level 4, -2/35 HPs)
             Began as a Djinni Monk on Jan 28, 2023.
             Was a Believer of the Shining One.
             Slain by an iguana (12 damage)
             ... on level 3 of the Dungeon.
             The game lasted 00:11:12 (2041 turns).

shadowmeld the Ducker (Djinni Monk)                 Turns: 2041, Time: 00:11:13

Health: -2/35      AC:  6    Str: 12    XL:     4   Next: 37%
Gold:   148        EV: 10    Int: 11    God:    the Shining One [**....] SH:  5 Dex: 16

rFire   + + .      SeeInvis .     - Unarmed
rCold   x . .      Faith    .   (no shield)
rNeg    + . .      Spirit   .   d - +0 scale mail
rPois   ∞          Reflect  +   (no helmet)
rElec   .          Harm     .   (no cloak)
rCorr   .          Rampage  .   (no gloves)
Will    .....                   (boots unavailable)
Stlth   +.........              i - amulet of reflection
HPRegen 0.11/turn               (no ring)
MPRegen 0.00/turn               (no ring)

@: flying, glowing
A: sickness immunity, fire resistance 2, cold vulnerability 1, float, innate
caster, HP casting, extra vitality 1
a: Renounce Religion, Divine Shield


You were on level 3 of the Dungeon.
You worshipped the Shining One.
The Shining One was pleased with you.
You visited 1 branch of the dungeon, and saw 3 of its levels.

You collected 148 gold pieces.

Inventory:

Missiles
 f - 6 poisoned darts (quivered)
 m - 3 curare-tipped darts
Armour
 d - a +0 scale mail (worn)
Jewellery
 i - an amulet of reflection (around neck)
Scrolls
 a - a scroll of silence {unknown}
 c - a scroll of blinking {unknown}
 g - a scroll of brand weapon {unknown}
 j - a scroll of fear {unknown}
 k - a scroll of amnesia {unknown}
 l - a scroll of enchant weapon {unknown}
Potions
 b - a potion of ambrosia
 e - 2 potions of attraction {unknown}
 h - a potion of curing {unknown}


   Skills:
 * Level 3.5 Fighting
 * Level 1.3 Armour
 * Level 3.7 Dodging
 - Level 1.7 Stealth
 * Level 3.6 Unarmed Combat
 * Level 0.2 Spellcasting


You had 2 spell levels left.
You knew the following spells:

 Your Spells              Type           Power      Damage    Failure   Level
a - Beastly Appendage     Tmut           0%         N/A       86%         1
Your spell library was empty.

Dungeon Overview and Level Annotations

Branches:
Dungeon (3/15)

Altars:
The Shining One

Shops:
D:1 *


Innate Abilities, Weirdness & Mutations

You are immune to sickness and miasma.
You are immune to poison.
Your flesh is very heat resistant. (rF++)
You are vulnerable to cold. (rC-)
You float through the air rather than walking.
You learn spells naturally, not from books.
Your magical power is your life essence.
You have superior vitality. (+4 MHP)


Message History

The adder is severely wounded.
The adder bites you.
You hit the adder.
The adder is almost dead.
The adder bites you but does no damage.
You hit the adder.
You kill the adder!
Found a scroll labelled BAL DOLOFIWIPT.
l - a scroll labelled BAL DOLOFIWIPT You now have 148 gold pieces (gained 8).
You see here a +0 spear.
Found a stone staircase leading up.
You see here a +0 spear.
You see here 3 curare-tipped darts.
m - 3 curare-tipped darts
There is a stone staircase leading down here.
You fly downwards.
Found an escape hatch in the floor.
There is a stone staircase leading up here.
A frilled lizard and an iguana come into view.
The frilled lizard hisses angrily.
The iguana hisses angrily.
A frilled lizard comes into view.
The frilled lizard hisses angrily.
You hit the frilled lizard.
You kill the frilled lizard!
The iguana barely misses you.
You completely miss the iguana. The iguana bites you!
You hit the frilled lizard.
The frilled lizard is heavily wounded.
The frilled lizard bites you but does no damage.
The iguana barely misses you.
You hit the frilled lizard.
You kill the frilled lizard!
The iguana bites you!
You hit the iguana but do no damage. You punch the iguana.
The iguana is lightly wounded.
The iguana bites you!
* * * LOW HITPOINT WARNING * * *
The iguana attacks as you move away! The iguana bites you!
You die...

#......# . #......#
.# #....... ###.#
.#......# .... ##
........# ##..##...
.>......####........
.............†......
#.##......@l......
#..#...###........
####....## #........
........# #........
.......<# .........
.........# .........
......##.# ...####..
...... ....... .#
...... ...


You could see an iguana.

Vanquished Creatures
  3 adders (D:2)
  A worm (D:2)
  2 dart slugs (D:1)
  2 ball pythons
  3 bats (D:2)
  3 endoplasms
  3 goblins
  2 hobgoblins (D:1)
  4 kobolds
  2 quokkas (D:2)
  2 frilled lizards (D:3)
  2 rats
29 creatures vanquished.

Notes
Turn   | Place    | Note
-------+----------+-------------------------------------------
     0 | D:1      | shadowmeld the Djinni Monk began the quest for the Orb.
     0 | D:1      | Reached XP level 1. HP: 20/20 MP: 0/0
   213 | D:1      | Reached XP level 2. HP: 25/25 MP: 0/0
   550 | D:1      | Found Douloniud's General Store.
   739 | D:1      | Found a faded altar of an unknown god.
  1092 | D:2      | Reached XP level 3. HP: 28/30 MP: 0/0
  1092 | D:2      | Learned a level 1 spell: Beastly Appendage
  1450 | D:2      | Reached skill level 1 in Armour
  1450 | D:2      | Reached XP level 4. HP: 27/35 MP: 0/0
  1826 | D:2      | Found a glowing golden altar of the Shining One.
  1846 | D:2      | Became a worshipper of the Shining One
  1846 | D:2      | Reached * piety under the Shining One
  1846 | D:2      | Reached ** piety under the Shining One
  2041 | D:3      | Slain by an iguana

Illustrated notes

Levels and vault maps discovered:
D:1:      tarquinn_simple_flora_water_f, layout_basic, serial_shops,
          nicolae_shop_hallway_plus, ebering_ecumenical_altar_sacrificial,
          amethyst_killhole
D:2:      layout_basic, basic_altar
D:3:      minmay_goblin_kobold_castle, layout_rooms,
          mainiacjoe_overflow_alcove_4, vehumet_altar_wand_db, uniq_ijyb

Skill      XL: |  1  2  3 |
---------------+----------+-----
Armour         | 1 |  1.3
Fighting       | |  3.5
Dodging        | |  3.7
Stealth        | |  1.7
Unarmed Combat | |  3.6
Spellcasting   | |  0.2

Action                   |  1- 3 |  4- 6 || total
-------------------------+-------+-------++-------
Melee: Unarmed           |   104 |    35 ||   139
       Punch             |       |     1 ||     1
Armor: Scale mail        |    37 |    10 ||    47
Dodge: Dodged            |    45 |    11 ||    56
Block: Other             |       |     8 ||     8
